 Dungeon Crawl Stone Soup version 0.27-a0-1149-g4505690ab0 (webtiles) character file.

Game seed: 13146842780994275549

984 kae the Slasher (level 7, -5/58 HPs)
             Began as a Demonspawn Fighter on May 12, 2021.
             Was an Initiate of Okawaru.
             Slain by a steam dragon (7 damage)
             ... on level 6 of the Dungeon.
             The game lasted 00:04:01 (5835 turns).

kae the Slasher (Demonspawn Fighter)                Turns: 5835, Time: 00:04:02

Health: -5/58      AC:  8    Str: 18    XL:     7   Next: 97%
Magic:  8/8        EV:  9    Int: 10    God:    Okawaru [......]
Gold:   911        SH:  0    Dex: 12    Spells: 6/6 levels left

rFire    . . .     SeeInvis .   e - +2 great sword (elec)
rCold    . . .     Faith    .   (shield currently unavailable)
rNeg     . . .     Spirit   .   b - +0 scale mail
rPois    .         Reflect  .   (no helmet)
rElec    .         Harm     .   (no cloak)
rCorr    .         Rampage  .   (no gloves)
Will     .....                  (no boots)
Stlth    ..........             (no amulet)
HPRegen  0.19/turn              (no ring)
MPRegen  0.11/turn              (no ring)

@: lethally poisoned (-5 -> -21)
A: talons 1, molten scales 1, powered by pain 1
a: Renounce Religion


You were on level 6 of the Dungeon.
You worshipped Okawaru.
Okawaru was noncommittal.
You visited 2 branches of the dungeon, and saw 7 of its levels.
You also visited: Ossuary.

You collected 1249 gold pieces.
You spent 338 gold pieces at shops.

Inventory:

Hand Weapons
 a - a +0 long sword
 e - a +2 great sword of electrocution (weapon)
 f - a +1 short sword of venom
Armour
 b - a +0 scale mail (worn)
 c - a +0 kite shield
Scrolls
 h - a scroll of teleportation
 o - a scroll of enchant armour {unknown}
 p - a scroll of amnesia {unknown}
 r - a scroll of identify {unknown}
Potions
 d - 2 potions of might
 g - a potion of lignification
 i - 2 potions of ambrosia {unknown}
 j - 2 potions of heal wounds
 k - 3 potions of attraction
 l - a potion of berserk rage {unknown}
 m - 5 potions of mutation {unknown}
 n - 3 potions of curing
 q - 3 potions of magic {unknown}


   Skills:
 + Level 6.0 Fighting
 * Level 7.0 Long Blades
 - Level 2.6 Armour
 - Level 2.6 Shields
 + Level 1.4 Invocations


You had 6 spell levels left.
You didn't know any spells.
Your spell library was empty.

Dungeon Overview and Level Annotations

Branches:
Dungeon (6/15)             Temple (1/1) D:5         Ossuary (visited)

Altars:
Ashenzari
Elyvilon
Makhleb
Nemelex Xobeh
Okawaru
Qazlal
Ru
Trog
Uskayaw
Xom
The Shining One

Shops:
D:3 (


Innate Abilities, Weirdness & Mutations

You have sharp toenails.
You are partially covered in molten scales. (AC +2)
You sometimes gain a little power by taking damage.


Message History

Found a dagger.
You barely miss the white imp.
You are engulfed in a cloud of scalding steam.
The white imp is engulfed in a cloud of scalding steam.
The white imp hits you but does no damage.
You're standing in a cloud of steam!
You're standing in a cloud of steam!
You are too injured to fight recklessly!
You are too injured to fight recklessly!
You are too injured to fight recklessly!
You are too injured to fight recklessly!
You slash the white imp!
Lightning courses through the white imp!
You kill the white imp!
Okawaru accepts your kill.
You are engulfed in a cloud of scalding steam.
A bullfrog skeleton comes into view.
The steam dragon bites you.
The steam dragon claws you but does no damage.
You closely miss the steam dragon. The steam dragon bites you.
The steam dragon claws you.
A water moccasin zombie comes into view.
The scorpion stings you.
* * * LOW HITPOINT WARNING * * *
You are poisoned.
The scorpion poisons you!
You closely miss the steam dragon. You claw the steam dragon.
The steam dragon is lightly wounded.
* * * LOW HITPOINT WARNING * * *
You feel very sick. The scorpion stings you.
* * * LOW HITPOINT WARNING * * *
The steam dragon barely misses you. x2; The scorpion stings you.
* * * LOW HITPOINT WARNING * * *
You are more poisoned.
The scorpion poisons you!
* * * LOW HITPOINT WARNING * * *
You feel very sick. The steam dragon bites you!
You die...

...#
#.###..####.......#
#...##.#
#.##.##.......#
#....###.##.(..#.##....
#................. .###
.......###.>##..##.###
# #.#..#.. #.###..# .#
## # #.###..#.#...## .#
#.. #. #.....#..# .#
#... #
##...##.@##.##....
.....###..DZ.#..$..
####... #.##s..../..
#.#. #.##..#.!... #.
#.#.##....#... ..
#.........# .. #..
#....#..### .
....##.... .).. ..###


You could see a steam dragon, a scorpion and a water moccasin zombie.

Vanquished Creatures
  A water moccasin (D:5)
  A phantom (D:5)
  An ogre (D:5)
  A bullfrog (D:4)
  Blork the orc (D:4)
  A scorpion (D:4)
  A centaur zombie (Ossuary)
  2 hounds
  3 human zombies (Ossuary)
  2 orc priests (D:4)
  An orc wizard (D:3)
  A scorpion zombie (D:5)
  A hound skeleton (D:5)
  2 hound zombies (D:5)
  4 mummies
  3 adders
  A gnoll (D:1)
  2 white imps
  A dart slug (D:1)
  14 orcs
  4 bats
  6 endoplasms
  6 giant cockroaches
  9 goblins
  12 hobgoblins
  9 jackals
  A quokka (D:1)
  4 ball pythons
  5 frilled lizards
  A goblin zombie (Ossuary)
  2 hobgoblin zombies (Ossuary)
  8 kobolds
  A kobold zombie (Ossuary)
112 creatures vanquished.

Notes
Turn   | Place    | Note
-------+----------+-------------------------------------------
     0 | D:1      | kae the Demonspawn Fighter began the quest for the Orb.
     0 | D:1      | Reached XP level 1. HP: 18/18 MP: 1/1
    98 | D:1      | Reached skill level 2 in Long Blades
   176 | D:1      | Gained mutation: You sometimes gain a little power by
                  | taking damage. [demonic ancestry]
   176 | D:1      | Reached XP level 2. HP: 24/24 MP: 2/2
   754 | D:1      | Reached XP level 3. HP: 29/29 MP: 3/3
   797 | D:1      | Reached skill level 3 in Long Blades
  1561 | D:2      | Found a faded altar of an unknown god.
  1577 | D:2      | Gained mutation: You are partially covered in molten
                  | scales. (AC +2) [demonic ancestry]
  1577 | D:2      | Reached XP level 4. HP: 36/37 MP: 4/4
  2177 | D:3      | Found a burning altar of Makhleb.
  2264 | D:3      | Noticed a bullfrog
  2264 | D:3      | Noticed an ogre
  2609 | D:3      | Found Paelluh's Weapon Boutique.
  2888 | D:4      | Identified a scroll of acquirement
  2888 | D:4      | Acquired 963 gold pieces
  2910 | D:4      | Reached skill level 4 in Long Blades
  2916 | D:4      | Found a sand-covered staircase.
  2937 | D:4      | Reached XP level 5. HP: 4/42 MP: 5/5
  3100 | D:3      | Bought a +2 great sword of electrocution for 338 gold
                  | pieces
  3258 | D:4      | Gained mutation: You have sharp toenails. [demonic
                  | ancestry]
  3258 | D:4      | Reached XP level 6. HP: 22/49 MP: 6/6
  3260 | D:4      | Reached skill level 5 in Long Blades
  3296 | Ossuary  | Entered an ossuary
  3909 | Ossuary  | Reached skill level 5 in Fighting
  4173 | D:4      | Reached XP level 7. HP: 53/56 MP: 7/7
  4530 | D:4      | Noticed Blork the orc
  4535 | D:4      | Killed Blork the orc
  4536 | D:4      | Reached skill level 6 in Long Blades
  4627 | D:5      | Entered Level 5 of the Dungeon
  4832 | D:5      | Found a staircase to the Ecumenical Temple.
  4875 | Temple   | Entered the Ecumenical Temple
  5042 | Temple   | Became a worshipper of Warmaster Okawaru
  5225 | D:5      | Reached skill level 1 in Invocations
  5328 | D:5      | Reached skill level 7 in Long Blades
  5498 | D:5      | Found a shimmering altar of Xom.
  5826 | D:6      | Noticed a steam dragon
  5835 | D:6      | HP: 2/58 [poisoned by a scorpion]
  5835 | D:6      | Slain by a steam dragon

Illustrated notes

Levels and vault maps discovered:
D:1:      evilmike_arrival_crescent, layout_loops_corners,
          minmay_misc_feat_enclosed, st_stairs_7, minmay_bisected
D:2:      layout_basic, chequers_ecumenical_altar_island
D:3:      layout_loops_cross, lemuel_doored_altar, serial_shops, shop_statue,
          kennysheep_doodads, lightli_corner_chamber
D:4:      layout_loops_ring, gup_ossuary_entry_pyramid, uniq_blork_the_orc
D:5:      layout_basic, old_standard_altar, minmay_temple_entry_stoned_glass
D:6:      layout_rooms, serial_shops, shop_coins, shop
Temple:   compressed_dpeg_triangle_lava_temple

Skill      XL: |  1  2  3  4  5  6  7 |
---------------+----------------------+-----
Long Blades    | 2 3 4 5 7 |  7.0
Fighting       | 4 5 6 |  6.0
Invocations    | 1 |  1.4
Armour         | |  2.6
Shields        | |  2.6

Action                   |  1- 3 |  4- 6 |  7- 9 || total
-------------------------+-------+-------+-------++-------
Melee: Long sword        |    64 |       |       ||    64
       Short sword       |    43 |   111 |       ||   154
       Great sword       |       |    49 |    35 ||    84
       Kick              |       |    11 |    14 ||    25
  Use: Potion            |     1 |     6 |       ||     7
       Scroll            |       |     5 |       ||     5
Armor: Scale mail        |    51 |    73 |     9 ||   133
Dodge: Dodged            |    26 |    50 |    16 ||    92
Block: Kite shield       |    61 |    44 |       ||   105
       Rpst.: Long sword |     4 |       |       ||     4
       Great sword       |       |    10 |     4 ||    14

Table legend: (Time is in decaauts)
 A = Elapsed time spent in this place.
 B = Non-inter-level travel time spent in this place.
 C = Inter-level travel time spent in this place.
 D = Time resting spent in this place.
 E = Time spent auto-exploring this place.
 F = Levels seen in this place.
 G = Mean time per level.
                   A        B        C        D        E       F      G
               +--------+--------+--------+--------+--------+-----+--------+
         Total |   5939 |   5528 |    411 |    878 |   3800 |   8 |  742.4 |
       Dungeon |   4921 |   4525 |    396 |    360 |   3460 |   6 |  820.2 |
        Temple |    182 |    168 |     14 |      0 |    158 |   1 |  182.0 |
       Ossuary |    835 |    835 |      0 |    517 |    182 |   1 |  835.0 |
               +--------+--------+--------+--------+--------+-----+--------+

Top non-repeatable levels by time:
     D:1: 1465 daAuts
     D:3: 1125 daAuts
     D:5: 981 daAuts
 Ossuary: 835 daAuts
     D:4: 756 daAuts
     D:2: 542 daAuts
  Temple: 182 daAuts
     D:6: 52 daAuts
